 Dungeon Crawl Stone Soup version 0.29-a0-474-gdfe5cd1 (webtiles) character file.

Game seed: 6364985031893408538

309786 Illumine the Acrobat (level 22, -18/140 HPs)
             Began as a Kobold Hunter on May 23, 2022.
             Was the Champion of Hepliaklqana.
             Shot with a bolt by a yaktaur (31 damage)
             ... led by a vault warden
             ... while paralysed by Xtahua
             ... on level 3 of the Vaults.
             The game lasted 02:00:54 (42535 turns).

Illumine the Acrobat (Kobold Hunter)               Turns: 42535, Time: 02:00:54

Health: -18/140    AC:  9    Str:  9    XL:     22   Next: 17%
Magic:  28/31      EV:  3    Int: 11    God:    Hepliaklqana [******]
Gold:   1038       SH:  0    Dex: 36    Spells: 19/34 levels left

rFire   + + .      SeeInvis +   b - +8 autumn katana {vorpal, manifold assault}
rCold   + + +      Faith    .   E - +2 buckler
rNeg    + . .      Spirit   .   f - +0 robe of Minor Irritation {rF+ rC+}
rPois   .          Reflect  +   T - +0 helmet "Muexkidgh" {Dex+6}
rElec   .          Harm     .   Z - scarf {rC+ rF+}
rCorr   .          Rampage  .   w - +2 pair of gloves {hurl}
Will    +....                   X - +2 pair of boots
Stlth   ++++......              Y - amulet of reflection
HPRegen 0.33/turn               g - ring of Toidig {+Blink rC+ rN+ Dex+2 SInv}
MPRegen 0.22/turn               t - +4 ring of slaying

@: paralysed
A: reduced essence, small, no large weapons, nightstalker 3
}: 2/15 runes: barnacled, gossamer
a: Renounce Religion, Evoke Blink, Recall Ancestor, Ancestor Identity,
Transference, Idealise


You were on level 3 of the Vaults.
You worshipped Hepliaklqana.
Hepliaklqana was exalted by your worship.
You visited 7 branches of the dungeon, and saw 35 of its levels.
You visited the Abyss 1 time.
You visited 1 bazaar.
You also visited: Sewer, Bailey and Gauntlet.

You collected 3474 gold pieces.
You spent 2436 gold pieces at shops.

Inventory:

Hand Weapons
 a - the +8 hand crossbow of Causality {penet, Str+2}
   (You acquired it on level 8 of the Dungeon)

   Any ammunition fired by it passes through the targets it hits, potentially
   hitting all targets in its path until it reaches maximum range.
   Str:       It affects your strength (+2).
 b - the +8 autumn katana (weapon) {vorpal, manifold assault}
   (You found it on level 3 of the Spider Nest)

   It sometimes launches melee attacks against multiple visible enemies.
 u - the +8 trishula "Condemnation" {holy, anguish, *Noise Fly rN+}
   (You bought it in a shop in a bazaar)

   It has been blessed by the Shining One to cause great damage to the undead
   and demons.
   It inflicts anguish, making its victims' attacks reflect back on them.
   rN:        It protects you from negative energy.
   Fly:       It grants you flight.
   *Noise:    It may make noises in combat.
 B - the +12 pair of quick blades "Gyre" and "Gimble" {protect}
   (You took it off an efreet on level 13 of the Dungeon)

   It grants its wielder temporary protection when it strikes (+7 to AC).
Armour
 f - the +0 robe of Minor Irritation (worn) {rF+ rC+}
   (You took it off a merfolk impaler on level 4 of the Shoals)

   rF:        It protects you from fire.
   rC:        It protects you from cold.
 i - the +1 robe "Qedi" {rPois Dex+3}
   (You found it on level 3 of the Dungeon)

   Dex:       It affects your dexterity (+3).
   rPois:     It protects you from poison.
 w - a +2 pair of gloves of hurling (worn)
 E - a +2 buckler (worn)
 T - the +0 helmet "Muexkidgh" (worn) {Dex+6}
   (You found it in a Gauntlet)

   Dex:       It affects your dexterity (+6).
 U - the +0 hat of Undesirable Species {rElec rF- rCorr}
   (You found it in a Gauntlet)

   rF:        It makes you vulnerable to fire.
   rElec:     It insulates you from electricity.
   rCorr:     It protects you from acid and corrosion.
 X - a +2 pair of boots (worn)
 Z - a scarf of resistance (worn)
Jewellery
 g - the ring of Toidig (left hand) {+Blink rC+ rN+ Dex+2 SInv}
   (You bought it in a shop on level 2 of the Orcish Mines)

   [ring of positive energy]

   Dex:       It affects your dexterity (+2).
   rC:        It protects you from cold.
   rN:        It protects you from negative energy.
   SInv:      It lets you see invisible.
   +Blink:    It lets you blink.
 t - a +4 ring of slaying (right hand)
 W - the ring "Atig" {Ice *Corrode Str+4 Int+2}
   (You found it on level 5 of the Lair of Beasts)

   [ring of ice]

   It enhances your ice magic.
   Str:       It affects your strength (+4).
   Int:       It affects your intelligence (+2).
   rF:        It makes you vulnerable to fire.
   rC:        It protects you from cold.
   *Corrode:  It may corrode you when you take damage.
 Y - an amulet of reflection (around neck)
Wands
 D - a wand of mindburst (9)
 F - a wand of acid (19)
 I - a wand of paralysis (15)
 L - a wand of iceblast (35)
 R - a wand of polymorph (17)
 S - a wand of digging (20)
Scrolls
 c - 5 scrolls of poison
 d - 4 scrolls of torment
 n - 4 scrolls of silence
 o - 11 scrolls of teleportation
 p - 4 scrolls of fear
 s - 6 scrolls of enchant armour
 v - a scroll of magic mapping
 y - 11 scrolls of enchant weapon
 C - 11 scrolls of fog
 J - 3 scrolls of immolation
 K - a scroll of summoning
 M - 2 scrolls of vulnerability
 N - 2 scrolls of brand weapon
 Q - 3 scrolls of blinking
Potions
 e - 18 potions of curing
 h - 5 potions of brilliance
 j - 10 potions of haste
 l - 2 potions of resistance
 m - 6 potions of cancellation
 q - 2 potions of invisibility
 r - 11 potions of flight
 x - 6 potions of mutation
 z - 4 potions of heal wounds
 A - 8 potions of lignification
 H - 2 potions of might
 O - 10 potions of ambrosia
 P - 6 potions of attraction
Miscellaneous
 k - a tin of tremorstones (2/2)
 G - a phantom mirror
 V - a condenser vane


   Skills:
 + Level 22.2 Fighting
 - Level 8.0(13.0) Short Blades
 * Level 10.7(11.2) Long Blades
 - Level 5.2 Polearms
 - Level 10.0 Crossbows
 + Level 24.0 Dodging
 - Level 1.3 Stealth
 - Level 4.0 Shields
 - Level 6.5 Spellcasting
 - Level 9.0 Hexes
 - Level 10.8 Translocations
 - Level 10.0 Invocations
 - Level 5.0 Evocations


You had 19 spell levels left.
You knew the following spells:

 Your Spells              Type           Power      Damage    Failure   Level
a - Portal Projectile     Hex/Tloc       50%        N/A       1%          3
b - Apportation           Tloc           54%        N/A       1%          1
c - Cause Fear            Hex            11%        N/A       6%          4
d - Manifold Assault      Tloc           27%        N/A       9%          5
e - Blink                 Tloc           54%        N/A       1%          2

Your spell library contained the following spells:

 Spells                   Type           Power      Damage    Failure   Level
 Slow                     Hex            92%        N/A       1%          1
 Confusing Touch          Hex            23%        N/A       1%          3
 Tukima's Dance           Hex            23%        N/A       1%          3
 Passage of Golubria      Tloc           27%        N/A       3%          4
 Ensorcelled Hibernation  Hex/Ice        26%        N/A       6%          2
 Dazzling Flash           Conj/Hex       26%        N/A       12%         3
 Inner Flame              Hex/Fire       13%        N/A       12%         3
 Freeze                   Ice            12%        1d4       26%         1
 Necrotize                Necr           12%        1d4       26%         1
 Sandblast                Erth           6%         2d5       26%         1
 Summon Small Mammal      Summ           12%        N/A       26%         1
 Iskenderun's Mystic Bla  Conj/Tloc      15%        2d5       28%         4
 Passwall                 Tmut/Erth      2%         N/A       38%         2
 Poisonous Vapours        Pois/Air       6%         N/A       38%         2
 Sublimation of Blood     Necr           3%         N/A       38%         2
 Anguish                  Hex/Necr       6%         N/A       38%         4
 Conjure Flame            Conj/Fire      3%         6-21      63%         3
 Frozen Ramparts          Ice            6%         1d2       63%         3
 Ignite Poison            Fire/Tmut/Pois 3%         N/A       63%         3
 Ozocubu's Armour         Ice            3%         N/A       63%         3
 Spider Form              Tmut/Pois      3%         N/A       63%         3
 Stone Arrow              Conj/Erth      6%         3d7       63%         3
 Vampiric Draining        Necr           3%         2d6       63%         3
 Yara's Violent Unravell  Hex/Tmut       6%         3d5       75%         5
 Animate Armour           Summ/Erth      6%         N/A       95%         4
 Animate Dead             Necr           3%         N/A       95%         4
 Corpse Rot               Necr/Pois/Air  3%         N/A       95%         4
 Hailstorm                Conj/Ice       3%         3d3       95%         4
 Ice Form                 Ice/Tmut       3%         N/A       95%         4
 Petrify                  Tmut/Erth      3%         N/A       95%         4
 Sticky Flame             Conj/Fire      3%         2d3       95%         4
 Summon Ice Beast         Ice/Summ       3%         N/A       95%         4
 Agony                    Necr           3%         N/A       100%        5
 Alistair's Intoxication  Tmut/Pois      2%         N/A       100%        5
 Blade Hands              Tmut           1%         N/A       100%        5
 Borgnjor's Vile Clutch   Necr/Erth      1%         N/A       100%        5
 Fireball                 Conj/Fire      1%         3d3       100%        5
 Irradiate                Conj/Tmut      1%         3d13      100%        5
 Iskenderun's Battlesphe  Conj           3%         2d6       100%        5
 Conjure Ball Lightning   Conj/Air       1%         3x3d6     100%        6
 Death Channel            Necr           1%         N/A       100%        6
 Eringya's Noxious Bog    Tmut/Pois      1%         N/A       100%        6
 Iron Shot                Conj/Erth      1%         9d1       100%        6
 Starburst                Conj/Fire      1%         6d3       100%        6
 Orb of Destruction       Conj           1%         9d5       100%        7
 Ozocubu's Refrigeration  Ice            1%         4d5       100%        7
 Spellforged Servitor     Conj/Summ      1%         N/A       100%        7
 Storm Form               Tmut/Air       1%         N/A       100%        7
 Discord                  Hex            11%        N/A       100%        8
 Ignition                 Fire           1%         3d3       100%        8


Dungeon Overview and Level Annotations

Branches:
Dungeon (15/15)            Temple (1/1) D:5            Lair (6/6) D:11
 Shoals (4/4) Lair:2       Spider (4/4) Lair:2        Slime (0/5) Lair:6
    Orc (2/2) D:12            Elf (0/3) Orc:2        Vaults (3/5) D:13
  Crypt (0/3) Vaults:2     Depths (0/4) D:15          Sewer (visited)
 Bailey (visited)         Gauntlet (visited)

Altars:
Ashenzari
Cheibriados
Dithmenos
Elyvilon
Hepliaklqana
Makhleb
Qazlal
Ru
Trog
Uskayaw
Vehumet
Wu Jian
Yredelemnul
Zin
The Shining One

Shops:
D:1 *   Orc:2 =**(   Shoals:1 *   Vaults:2 (

Annotations:
D:12 1 runed translucent door, Caerwyn's ghost, journeyman KoBe
Spider:2 Asterion
Orc:2 2 runed translucent doors
Vaults:1 1 transporter


Innate Abilities, Weirdness & Mutations

Your life essence is reduced to manifest your ancestor. (-10% HP)
You are small and have problems with some larger weapons.
You are completely attuned to the shadows.


Message History

Xtahua rumbles, "YOU'RE BARELY A SNACK."
Xtahua breathes fire at you. The searing blast hits you!! You resist.
The dire elephant tramples you!
You hold your ground!
The dire elephant trunk-slaps you.
The dire elephant tramples Necuametl but does no damage.
The dire elephant barely misses Necuametl.
You are engulfed in blazing flames.
You resist.
Necuametl hits the dire elephant with a +0 broad axe of flaming!
Necuametl burns the dire elephant.
Necuametl hits the dire elephant with a +0 broad axe of flaming!!
Necuametl burns the dire elephant.
The dire elephant dies!
Necuametl hits Xtahua with a +0 broad axe of flaming!!
Xtahua dies!
Necuametl blocks the dire elephant's attack.
The dire elephant barely misses Necuametl.
The dire elephant tramples you but does no damage.
The dire elephant trunk-slaps you but does no damage.
Necuametl hits the dire elephant with a +0 broad axe of flaming!
Necuametl burns the dire elephant.
The dire elephant dies!
You are engulfed in blazing flames.
You resist.
A yaktaur comes into view.
The dire elephant tramples you.
You hold your ground!
The dire elephant trunk-slaps you!
You are engulfed in blazing flames.
You resist.
Necuametl hits the dire elephant but does no damage.
A deep troll comes into view.
The dire elephant tramples you!!
* * * LOW HITPOINT WARNING * * *
You hold your ground!
The dire elephant trunk-slaps you.
* * * LOW HITPOINT WARNING * * *
Necuametl hits the dire elephant with a +0 broad axe of flaming!!!
Necuametl burns the dire elephant.
You are engulfed in blazing flames.
You resist.
* * * LOW HITPOINT WARNING * * *
Necuametl hits the dire elephant with a +0 broad axe of flaming!!
Necuametl burns the dire elephant!
The yaktaur wields a +0 arbalest.
The yaktaur shoots a bolt.
The bolt hits you!!
You die...

#....# #..#.....
#....# #........
#....# #########
.....#....#
....#....#
#####T..#....#
#.#(..†.#....#
#.# #...#....#
#.# #.R@#....#
#.###.Y.#....####
####
#.......#........
....
#.....c.'........
....
#.......#........
....
#####...#........
....
#...#...)####
#### #...#....#
#....#


You could see the friendly Necuametl the knight (fast, idealised), a dire
elephant (ally target), a deep troll and a yaktaur.

Vanquished Creatures
  Nikola (Spider:3)
  Arachne (Spider:3)
  A tentacled starspawn (Abyss:3)
  5 emperor scorpions (Spider:4)
  A deep elf sorcerer (Vaults:1)
  4 vault wardens
  An orc warlord (Orc:2)
  3 ghost moths (Spider:4)
  Louise (Spider:3)
  10 ironbound preservers
  2 ironbound thunderhulks
  A very ugly thing (Vaults:3)
  Nessos (Lair:5)
  A minotaur (Gauntlet)
  Azrael (Orc:1)
  5 entropy weavers
  A spark wasp (Spider:2)
  A blizzard demon (Abyss:3)
  2 merfolk javelineers
  Josephine (D:10)
  3 merfolk impalers
  2 vault guards (Vaults:2)
  2 hydras
  3 great orbs of eyes
  A merfolk avatar (Shoals:3)
  2 ogre magi
  A catoblepas (Lair:5)
  8 boulder beetles
  3 radroaches
  10 two-headed ogres
  8 death yaks
  8 centaur warriors
  3 satyrs
  3 tengu warriors
  5 pharaoh ants
  7 sea snakes
  5 skeletal warriors (Vaults:2)
  4 sixfirhies
  2 steelbarb worms
  3 sun moths
  5 lindwurms
  30 deep trolls
  2 wizards (Vaults:1)
  7 harpies
  2 orc knights
  2 starcursed masses (Abyss:3)
  4 ironbound convokers
  A deep elf pyromancer (D:12)
  2 oklob plants
  3 cyclopes
  A tengu skeleton (Vaults:2)
  10 wolf spiders
  16 fauns
  24 ugly things
  2 orc sorcerers (Orc:2)
  10 manticores
  A moth of wrath (Spider:2)
  16 elephants
  3 merfolk sirens
  A guardian serpent (Abyss:3)
  2 black mambas
  4 vault sentinels
  Maurice (D:12)
  4 torpor snails
  2 water nymphs
  2 frost giant skeletons (Vaults:2)
  A stone giant skeleton (Vaults:2)
  2 smoke demons (Abyss:3)
  A gargoyle (D:14)
  7 cane toads
  An unseen horror (D:12)
  2 komodo dragons
  3 efreet
  2 freezing wraiths
  11 demonic crawlers
  15 yaktaurs
  2 rime drakes
  3 human skeletons (Vaults:2)
  An ancient zyme (Abyss:3)
  A queen bee (D:12)
  6 meliai
  An ice devil (Gauntlet)
  5 trolls
  3 merfolk
  2 burning bushes (Lair:6)
  3 large abominations (Abyss:3)
  A wind drake (Shoals:1)
  5 slime creatures
  A hornet (Lair:6)
  2 polar bears
  Prince Ribbit (D:7)
  21 tarantellas
  A raiju (Abyss:3)
  16 blink frogs
  8 dream sheep
  2 snapping turtles
  15 jumping spiders
  A ynoxinul (Abyss:3)
  2 shadows
  2 water elementals
  11 culicivoras
  4 wraiths
  29 yaks
  2 vampires
  An ettin skeleton (Vaults:2)
  A basilisk (Lair:1)
  39 redbacks
  2 wyverns
  2 fire elementals (Orc:1)
  Menkaure (D:5)
  A warg (Orc:1)
  A hell hound (Orc:1)
  3 acid dragons
  20 orc warriors
  11 water moccasins
  A sky beast (D:8)
  2 boggarts (Vaults:1)
  14 wolves
  16 centaurs
  16 ogres
  A lemure (D:6)
  A kobold brigand (D:9)
  5 bullfrogs
  A necrophage (D:5)
  A gnoll sergeant (D:9)
  4 wights (D:10)
  2 small abominations (Abyss:3)
  22 killer bees
  An electric eel (Spider:4)
  4 howler monkeys
  A lava snake (D:8)
  9 jellies
  6 orc priests
  Crazy Yiuf (D:5)
  4 gnoll shamans
  5 hounds
  Jessica (D:2)
  3 iguanas (D:5)
  14 orc wizards
  14 gnolls
  8 adders
  6 river rats
  3 white imps (Gauntlet)
  An ufetubus (D:4)
  5 worms
  61 orcs
  14 bats
  8 endoplasms
  9 giant cockroaches
  14 goblins
  5 hobgoblins
  10 jackals
  5 kobolds
  4 quokkas
  7 ball pythons
  3 frilled lizards
  9 rats
  A fire vortex (D:15)
  A starspawn tentacle (Abyss:3)
885 creatures vanquished.

Vanquished Creatures (collateral kills)
  Frederick (Vaults:3)
  Xtahua (Vaults:3)
  A starcursed mass (Abyss:3)
  Jorgrun (Shoals:2)
  A sphinx (Vaults:3)
  Polyphemus (Shoals:2)
  An emperor scorpion (Spider:4)
  A cacodemon (Abyss:3)
  A deep elf sorcerer (Vaults:1)
  A vault warden (Vaults:1)
  A ghost moth (Spider:3)
  7 ironbound preservers
  A war gargoyle (Vaults:1)
  2 very ugly things
  2 ironbound thunderhulks (Vaults:1)
  3 entropy weavers
  3 dire elephants (Vaults:3)
  Snorg (Orc:1)
  6 merfolk javelineers
  2 merfolk impalers (Shoals:4)
  A fire dragon (D:15)
  2 yaktaur captains (Vaults:3)
  Harold (D:11)
  Fannar (D:10)
  4 vault guards (Vaults:2)
  An ice dragon (D:15)
  2 peacekeepers (Vaults:1)
  4 merfolk avatars
  A jorogumo (Spider:3)
  2 boulder beetles
  Erolcha (D:10)
  4 hydras
  4 radroaches
  2 catoblepae
  5 ironbound frosthearts
  3 ogre magi (Orc:2)
  3 merfolk aquamancers
  4 two-headed ogres (Orc:2)
  2 centaur warriors
  A death knight (D:14)
  5 death yaks
  4 satyrs
  A wretched star (Abyss:3)
  4 skeletal warriors
  3 pharaoh ants
  3 steelbarb worms (Spider:4)
  5 sea snakes
  18 deep trolls
  4 orb spiders
  3 lindwurms
  Pikel (D:7)
  12 harpies
  A deep elf pyromancer (D:14)
  6 ironbound convokers
  4 wizards
  A shining eye (shapeshifter) (D:13)
  20 ugly things
  3 cyclopes
  7 slime creatures
  2 wolf spiders (Spider:4)
  3 manticores
  19 fauns
  A worldbinder (Abyss:3)
  2 oklob plants (D:11)
  5 merfolk sirens
  A vault sentinel (Vaults:2)
  11 elephants
  A black mamba (Lair:6)
  A torpor snail (Spider:4)
  5 water nymphs
  A frost giant skeleton (Vaults:2)
  A rime drake (Lair:1)
  3 cane toads
  2 unseen horrors
  A gargoyle (D:14)
  4 demonic crawlers
  5 komodo dragons
  8 yaktaurs
  A tengu conjurer (D:14)
  14 merfolk
  5 trolls
  9 tarantellas
  A hornet (Lair:5)
  2 burning bushes (Lair:6)
  A raiju (Abyss:3)
  7 meliai
  A tarantella (shapeshifter) (D:13)
  8 wind drakes
  2 polar bears
  5 blink frogs
  5 jumping spiders
  12 dream sheep
  5 snapping turtles
  8 culicivoras
  2 wraiths
  2 wyverns
  A shadow (D:10)
  21 yaks
  A large abomination (Abyss:3)
  7 water elementals
  2 small abominations (Abyss:3)
  3 fire elementals (Orc:1)
  A neqoxec (Abyss:3)
  18 redbacks
  Grum (D:8)
  A basilisk (Lair:3)
  A steam dragon (D:7)
  A warg (Orc:1)
  3 acid dragons
  5 water moccasins
  2 hell hounds (Orc:2)
  A black bear (Lair:1)
  An ice beast (D:8)
  3 sky beasts
  10 orc warriors
  12 ogres (Orc:2)
  11 wolves
  6 centaurs
  A lemure (D:6)
  A scorpion (D:7)
  A gnoll sergeant (D:13)
  5 bullfrogs
  A human skeleton (Vaults:2)
  A wight (D:10)
  17 killer bees
  A howler monkey (D:7)
  A quasit (Abyss:3)
  5 jellies (Lair:6)
  2 orc priests (Orc:1)
  3 hounds
  An iguana (D:6)
  7 orc wizards
  14 gnolls
  An adder (D:6)
  A worm (D:6)
  18 orcs
  A goblin (D:3)
  A ball python (D:3)
  A bush (D:15)
553 creatures vanquished.

Vanquished Creatures (others)
  2 yaktaur captains
  A centaur warrior (Vaults:3)
  A merfolk aquamancer (Shoals:4)
  A satyr (Shoals:2)
  A death yak (Shoals:2)
  Sonja (D:13)
  A wizard (Vaults:3)
  A manticore (Shoals:2)
  A faun (Shoals:1)
  5 yaktaurs
  23 knights
  2 ancestors (D:6)
  3 orcs (Orc:2)
  12 bushes (D:15)
  38 fungi
  291 plants
  2 starspawn tentacles (Abyss:3)
386 creatures vanquished.

Grand Total: 1824 creatures vanquished

Notes
Turn   | Place    | Note
-------+----------+-------------------------------------------
     0 | D:1      | Illumine the Kobold Hunter began the quest for the Orb.
     0 | D:1      | Reached XP level 1. HP: 12/12 MP: 1/1
    65 | D:1      | Found Buts's Assorted Antiques.
   238 | D:1      | Reached XP level 2. HP: 17/17 MP: 2/2
   328 | D:1      | Found a faded altar of an unknown god.
   567 | D:3      | Identified the +1 robe "Qedi" {rPois Dex+3}
   584 | D:3      | Reached XP level 3. HP: 21/21 MP: 3/3
   765 | D:5      | Entered Level 5 of the Dungeon
   842 | D:4      | Reached skill level 1 in Short Blades
   842 | D:4      | Reached XP level 4. HP: 26/26 MP: 4/4
   844 | D:4      | Reached skill level 3 in Dodging
  1036 | D:4      | Found a glowing drain.
  1044 | Sewer    | Entered a sewer
  1063 | Sewer    | Reached XP level 5. HP: 30/30 MP: 5/5
  1690 | D:5      | Reached skill level 4 in Dodging
  1690 | D:5      | Reached XP level 6. HP: 37/37 MP: 6/6
  2047 | D:5      | Found a staircase to the Ecumenical Temple.
  2053 | Temple   | Entered the Ecumenical Temple
  2078 | Temple   | Became a worshipper of Hepliaklqana the Forgotten
  2768 | D:2      | Noticed Jessica
  2769 | D:2      | Killed Jessica
  2770 | D:2      | Reached XP level 7. HP: 42/42 MP: 7/7
  2963 | D:3      | Reached * piety under Hepliaklqana
  3378 | D:5      | Found a glowing silver altar of Zin.
  3421 | D:5      | Reached skill level 5 in Dodging
  3421 | D:5      | Reached skill level 1 in Invocations
  3483 | D:5      | Noticed a water moccasin
  3487 | D:5      | Killed a water moccasin
  3551 | D:5      | Noticed Menkaure
  3700 | D:6      | Reached XP level 8. HP: 43/43 MP: 9/9
  3766 | D:6      | Found a snail-covered altar of Cheibriados.
  3852 | D:5      | Found a runed translucent door.
  3855 | D:5      | Noticed Crazy Yiuf
  3864 | D:5      | Killed Crazy Yiuf
  3911 | D:5      | Killed Menkaure
  4169 | D:5      | Reached skill level 5 in Fighting
  4169 | D:5      | Reached skill level 6 in Dodging
  4228 | D:6      | Reached skill level 10 in Crossbows
  4398 | D:6      | Reached XP level 9. HP: 49/49 MP: 10/12
  4472 | D:6      | Reached ** piety under Hepliaklqana
  4473 | D:6      | Remembered your ancestor Necuametl as a knight
  4716 | D:7      | Noticed Pikel
  4750 | D:7      | Reached skill level 7 in Dodging
  4758 | D:7      | Reached skill level 1 in Spellcasting
  4778 | D:7      | Killed Pikel
  4779 | D:7      | Reached skill level 5 in Invocations
  5342 | D:7      | Found an ornate altar of the Wu Jian Council.
  5342 | D:7      | Found a hide-covered altar of Uskayaw.
  5533 | D:7      | Found a bloodstained altar of Trog.
  5591 | D:7      | Found a burning altar of Makhleb.
  5593 | D:7      | Noticed Prince Ribbit
  5598 | D:7      | Killed Prince Ribbit
  5599 | D:7      | Reached skill level 8 in Dodging
  5708 | D:8      | Reached XP level 10. HP: 56/56 MP: 14/14
  5860 | D:8      | Found a broken altar of Ashenzari.
  5987 | D:8      | Found a radiant altar of Vehumet.
  6133 | D:8      | Reached skill level 9 in Dodging
  6306 | D:8      | Noticed Grum
  6314 | D:8      | Killed Grum
  6322 | D:8      | Identified a scroll of acquirement
  6325 | D:8      | Acquired the +8 hand crossbow of Causality {penet, Str+2}
  6341 | D:8      | Reached *** piety under Hepliaklqana
  6475 | D:9      | Found a sacrificial altar of Ru.
  6532 | D:9      | Found a flagged portal.
  6556 | Bailey   | Entered a bailey
  6566 | Bailey   | Reached skill level 5 in Spellcasting
  6868 | Bailey   | Reached XP level 11. HP: 46/62 MP: 19/19
  6973 | Bailey   | Reached skill level 10 in Dodging
  7208 | D:9      | Found a shadowy altar of Dithmenos.
  7261 | D:9      | Found a stormy altar of Qazlal.
  8445 | D:10     | Entered Level 10 of the Dungeon
  8506 | D:10     | Reached skill level 1 in Evocations
  8671 | D:10     | Noticed Josephine
  8772 | D:11     | Found a staircase to the Lair.
  8772 | D:11     | Noticed an oklob plant
  8778 | D:11     | Noticed an oklob plant
  8799 | D:11     | Killed an oklob plant
  8858 | Lair:1   | Entered Level 1 of the Lair of Beasts
  8942 | Lair:1   | Reached skill level 11 in Dodging
  8958 | Lair:1   | Reached skill level 10 in Fighting
  8972 | Lair:1   | Reached XP level 12. HP: 40/69 MP: 21/21
  9191 | Lair:1   | Learned a level 3 spell: Portal Projectile
  9210 | Lair:1   | Reached **** piety under Hepliaklqana
  9799 | Lair:2   | Found a hole to the Spider Nest.
  9861 | Lair:2   | Reached skill level 1 in Hexes
  9861 | Lair:2   | Reached skill level 1 in Translocations
  9935 | Lair:2   | Found a staircase to the Shoals.
  9981 | Lair:2   | You fall into a shaft and drop 1 floor!
 10395 | Lair:3   | Reached skill level 5 in Evocations
 10451 | Lair:3   | Noticed a four-headed hydra
 10476 | Lair:3   | Killed a four-headed hydra
 10477 | Lair:3   | Reached skill level 10 in Invocations
 10624 | Lair:3   | Reached skill level 12 in Dodging
 10697 | Lair:3   | Learned a level 1 spell: Apportation
 11109 | Lair:3   | Reached XP level 13. HP: 72/75 MP: 15/22
 11672 | Lair:4   | Reached ***** piety under Hepliaklqana
 11887 | Lair:3   | Reached skill level 5 in Translocations
 11892 | Lair:3   | Reached skill level 5 in Hexes
 12080 | Lair:4   | Upgraded the game from 0.29-a0-473-gacb4ef3 to
                  | 0.29-a0-474-gdfe5cd1
 12240 | Lair:4   | Reached skill level 13 in Dodging
 12534 | Lair:5   | Noticed a four-headed hydra
 12542 | Lair:5   | Killed a four-headed hydra
 12557 | Lair:5   | Found a gate leading to a gauntlet.
 12563 | Gauntlet | Entered a Gauntlet
 12577 | Gauntlet | Found a transporter.
 12577 | Gauntlet | Found a transporter.
 12581 | Gauntlet | Found a transporter.
 12600 | Gauntlet | Found a transporter.
 12643 | Gauntlet | Found a transporter.
 12658 | Gauntlet | Found a transporter.
 12683 | Gauntlet | Found a transporter.
 12683 | Gauntlet | Found a transporter.
 12701 | Gauntlet | Found a transporter.
 12719 | Gauntlet | Found a transporter.
 12885 | Gauntlet | Found a transporter.
 12917 | Gauntlet | Found a transporter.
 12918 | Gauntlet | Identified the +0 helmet "Muexkidgh" {Dex+6}
 12965 | Gauntlet | Identified the +0 hat of Undesirable Species {rElec rF-
                  | rCorr}
 13043 | Gauntlet | Noticed a minotaur
 13049 | Gauntlet | Killed a minotaur
 13123 | Lair:5   | Identified the ring "Atig" {Ice *Corrode Str+4 Int+2}
 13410 | Lair:5   | Reached XP level 14. HP: 82/82 MP: 23/23
 13418 | Lair:5   | Noticed Nessos
 13426 | Lair:5   | Killed Nessos
 13484 | Lair:5   | Found a hide-covered altar of Uskayaw.
 13484 | Lair:5   | Found an ornate altar of the Wu Jian Council.
 13662 | Lair:5   | Reached skill level 14 in Dodging
 14150 | Lair:6   | Entered Level 6 of the Lair of Beasts
 14806 | Lair:6   | Found a staircase to the Slime Pits.
 15184 | Lair:6   | Reached skill level 15 in Dodging
 15323 | Lair:6   | Reached XP level 15. HP: 53/90 MP: 16/24
 15852 | Lair:6   | Reached skill level 16 in Dodging
 16294 | Lair:6   | Reached skill level 15 in Fighting
 16692 | D:11     | Noticed Harold
 16700 | D:11     | Killed Harold
 17450 | D:12     | Reached skill level 17 in Dodging
 17604 | D:12     | Found a runed translucent door.
 17749 | D:12     | Found a staircase to the Orcish Mines.
 17767 | Orc:1    | Entered Level 1 of the Orcish Mines
 17999 | Orc:1    | Noticed Snorg
 18008 | Orc:1    | Killed Snorg
 18440 | Orc:2    | Entered Level 2 of the Orcish Mines
 18447 | Orc:2    | Noticed an orc warlord
 18591 | Orc:2    | Noticed Azrael
 18671 | Orc:1    | Killed Azrael
 18952 | Orc:2    | Killed an orc warlord
 18953 | Orc:2    | Reached XP level 16. HP: 77/99 MP: 25/25
 18958 | Orc:2    | Found a flickering gateway to a bazaar.
 18969 | Bazaar   | Entered a bazaar
 19112 | Bazaar   | Found Latun's Assorted Antiques.
 19112 | Bazaar   | Found Aligosk's Assorted Antiques.
 19118 | Bazaar   | Bought a scroll labelled SUTIMA DIGAU for 35 gold pieces
 19124 | Bazaar   | Bought a lumpy amethyst potion for 22 gold pieces
 19151 | Bazaar   | Found Hitikh's Antique Armour Shoppe.
 19151 | Bazaar   | Found Ruhuc's Weapon Emporium.
 19194 | Bazaar   | Bought the +8 trishula "Condemnation" {holy, anguish,
                  | *Noise Fly rN+} for 1458 gold pieces
 19194 | Bazaar   | Found the +8 trishula "Condemnation" {holy, anguish, *Noise
                  | Fly rN+}
 19247 | Orc:2    | Reached skill level 1 in Polearms
 19502 | Orc:2    | Reached skill level 18 in Dodging
 19508 | Orc:2    | Found Seyd's Assorted Antiques.
 19508 | Orc:2    | Found Eshur's Antique Weapon Emporium.
 19509 | Orc:2    | Found Luen's Jewellery Shoppe.
 19509 | Orc:2    | Found Iciyjaut's Assorted Antiques.
 19716 | Orc:2    | Found a staircase to the Elven Halls.
 19913 | Orc:2    | Found a large runed translucent door.
 19913 | Orc:2    | Found a large runed translucent door.
 20066 | D:10     | Noticed Erolcha
 20072 | D:10     | Killed Erolcha
 20075 | D:10     | Noticed Fannar
 20082 | D:10     | Killed Fannar
 20424 | D:10     | Found a glowing golden altar of the Shining One.
 20458 | D:10     | Killed Josephine
 20547 | D:12     | Noticed Maurice
 20555 | D:12     | Killed Maurice
 21025 | D:12     | Noticed Caerwyn's ghost (journeyman KoBe)
 21112 | D:12     | Identified the +4 spear of Unpleasantness {drain, Dex+4}
 21314 | D:13     | Reached ****** piety under Hepliaklqana
 21787 | D:13     | Reached skill level 5 in Polearms
 21953 | D:13     | Found a gate to the Vaults.
 22188 | D:13     | Noticed Sonja
 22190 | D:13     | Killed Sonja
 22288 | D:13     | Found a bloodstained altar of Trog.
 23934 | D:15     | Entered Level 15 of the Dungeon
 23941 | D:15     | Reached XP level 17. HP: 105/105 MP: 26/26
 23946 | D:15     | Reached skill level 5 in Short Blades
 24393 | D:15     | Reached skill level 19 in Dodging
 24905 | D:15     | Found a staircase to the Depths.
 25308 | Orc:2    | Bought the ring of Toidig {+Blink rC+ rN+ Dex+2 SInv} for
                  | 691 gold pieces
 25493 | Spider:1 | Entered Level 1 of the Spider Nest
 26628 | Spider:2 | Noticed Asterion
 27426 | Spider:3 | Noticed Arachne
 27439 | Spider:3 | Killed Arachne
 27440 | Spider:3 | Reached skill level 20 in Dodging
 27702 | Spider:3 | Noticed Nikola
 27711 | Spider:3 | Killed Nikola
 27976 | Spider:3 | Noticed Louise
 27988 | Spider:3 | Killed Louise
 27989 | Spider:3 | Reached XP level 18. HP: 113/113 MP: 27/27
 28897 | Spider:3 | Found the +8 autumn katana {vorpal, manifold assault}
 29262 | Spider:4 | Entered Level 4 of the Spider Nest
 29761 | Spider:4 | Reached skill level 21 in Dodging
 30596 | Spider:4 | Got a gossamer rune of Zot
 31150 | Shoals:1 | Entered Level 1 of the Shoals
 31256 | Shoals:1 | Reached skill level 22 in Dodging
 31264 | Shoals:1 | Reached XP level 19. HP: 121/121 MP: 28/28
 31750 | Shoals:1 | Reached skill level 1 in Shields
 31804 | Shoals:1 | Learned a level 4 spell: Cause Fear
 31978 | Shoals:1 | Found Yxkoaj's General Store.
 31978 | Shoals:1 | Found Gatabeam's Specific Store.
 31983 | Shoals:1 | Bought a potion of heal wounds for 80 gold pieces
 31987 | Shoals:1 | Bought a scroll of silence for 150 gold pieces
 32715 | Shoals:2 | Identified the +3 fustibalus of the Dove {freeze, *Corrode
                  | rF- rN++ SInv}
 32719 | Shoals:2 | Found a hide-covered altar of Uskayaw.
 33022 | Shoals:2 | Noticed Polyphemus
 33035 | Shoals:2 | Reached skill level 1 in Long Blades
 33038 | Shoals:2 | Killed Polyphemus
 33222 | Shoals:2 | Noticed Jorgrun
 33231 | Shoals:2 | Killed Jorgrun
 33534 | Shoals:4 | Entered Level 4 of the Shoals
 35066 | Shoals:4 | Reached XP level 20. HP: 105/127 MP: 29/29
 35208 | Shoals:4 | Reached skill level 5 in Long Blades
 35456 | Shoals:4 | Learned a level 5 spell: Manifold Assault
 35559 | Shoals:4 | Got a barnacled rune of Zot
 35616 | Shoals:4 | Identified the +0 robe of Minor Irritation {rF+ rC+}
 35962 | Vaults:1 | Entered Level 1 of the Vaults
 36158 | Vaults:1 | Learned a level 2 spell: Blink
 36549 | Vaults:1 | Reached skill level 23 in Dodging
 37022 | Vaults:1 | Found a transporter.
 37379 | Vaults:1 | Reached skill level 10 in Translocations
 37388 | Vaults:1 | Cast into level 3 of the Abyss (a deep elf sorcerer)
 37404 | Abyss:3  | Found a corrupted altar of Lugonu.
 37918 | Vaults:1 | Escaped the Abyss
 38119 | Vaults:1 | Reached XP level 21. HP: 58/134 MP: 30/30
 40201 | Vaults:2 | Found Cydygo Uluegg's Weapon Shoppe.
 40773 | Vaults:2 | Found a staircase to the Crypt.
 41469 | Vaults:3 | Reached skill level 10 in Long Blades
 41944 | Vaults:3 | Noticed Frederick
 41954 | Vaults:3 | Killed Frederick
 41955 | Vaults:3 | Reached XP level 22. HP: 140/140 MP: 23/31
 42367 | Vaults:3 | Reached skill level 24 in Dodging
 42523 | Vaults:3 | Noticed Xtahua
 42530 | Vaults:3 | Paralysed by Xtahua for 5 turns
 42532 | Vaults:3 | Killed Xtahua
 42535 | Vaults:3 | Shot with a bolt by a yaktaur

Illustrated notes

Levels and vault maps discovered:
D:1:      ncdulo_lavacross, layout_basic, serial_shops, shop,
          dreamdust_ecumenical_altar_angels_and_demons, minmay_tetromino_l2
D:2:      layout_loops_cross, uniq_jessica
D:3:      layout_rooms, minmay_cupped
D:4:      layout_basic, portal_sewer_entry_b
D:5:      layout_cave_pools, lemuel_round_altar, minmay_temple_entry_arrows,
          grunt_ministairs_5, uniq_menkaure, uniq_crazy_yiuf_cottage
D:6:      layout_cave_pools, slow_altar_2
D:7:      layout_loops_ring, gammafunk_temple_overflow_wave,
          mainiacjoe_overflow_two_lobes, uniq_prince_ribbit1, uniq_pikel
D:8:      layout_cave_pools, nicolae_overflow_hidden_temple,
          mainiacjoe_overflow_paths, chequers_serial_rivers_micro_c,
          grunt_decor_junction, nicolae_elevator_lobby_plus, uniq_grum
D:9:      kennysheep_ambush_hall, layout_grid_maze,
          nicolae_ru_sacrificial_ziggurat, lemuel_tele_altar,
          mainiacjoe_overflow_cross_hatched, nicolae_qazlal_general_emergency,
          enter_bailey_5
D:10:     layout_loops_cross, tso_altar, uniq_fannar, uniq_josephine,
          uniq_erolcha
D:11:     layout_stronghold, dpeg_oklobed_lair, uniq_harold
D:12:     layout_roguey, orc_0_dummy, ebering_ghost_funeral_grove, special_room
          [special_room_bee], uniq_maurice
D:13:     layout_stronghold, david_vaults_4, bloody_trog, uniq_sonja
D:14:     layout_basic, minmay_misc_feat_tower, nicolae_splish_splash
D:15:     grunt_enter_depths_hoard, layout_basic, nicolae_lava_and_water,
          minmay_hedge_maze
Temple:   compressed_dpeg_triangle_lava_temple
Lair:1:   layout_big_grid
Lair:2:   layout_roguey, minmay_shoals_entry_beasts, dummy_spider_entry,
          infiniplex_staircase_pool
Lair:3:   layout_cellular_growth, serial_bayou_pond_e
Lair:4:   layout_cave_pods, grunt_megastairs_3
Lair:5:   layout_gridlike, gauntlet_entry_generic,
          nzn_masters_of_martial_movement, uniq_nessos
Lair:6:   gammafunk_lair_ancient_temple, layout_long_grid,
          minmay_slime_entry_jelly_boxes, evilmike_ambush
          [evilmike_ambush_outer_corners, evilmike_ambush_inner_basic]
Shoals:1: layout_shoals, lemuel_altar_in_water, nicolae_specific_store
Shoals:2: layout_shoals, regret_index_shoals_crete, uniq_jorgrun,
          uniq_polyphemus, uniq_kirke
Shoals:3: layout_shoals, nicolae_shoals_shepherds
Shoals:4: shoals_end_grunt_garden, layout_shoals, shoal_ilsuiw
Spider:1: layout_spider_delve, hangedman_spider_tarantella_strand
Spider:2: layout_chambers, uniq_asterion
Spider:3: layout_chambers, drop_trap, uniq_nikola, uniq_louise, uniq_arachne
Spider:4: grunt_spider_rune_circles, worms_lemuel
Orc:1:    layout_caves, uniq_snorg
Orc:2:    st_orc_ogre_mass, layout_caves, serial_shops, bzr_entry_islet,
          ebering_ghost_disaster_area, uniq_azrael
Vaults:1: vaults_dpeg_spiral, gammafunk_sealed_library,
          nicolae_vaults_puzzle_piece, hangedman_vaults_stagger,
          nicolae_vaults_arrows, dpeg_vaults_monster_box,
          grunt_vaults_hallway_long, layout_vaults_maze_snakey
Vaults:2: v_alt_pattern_3, nicolae_vaults_ninety_degrees, v_misc_5,
          minmay_crypt_entry_skeletal_spiral, nicolae_vaults_rhombus_5,
          v_misc_4, ontoclasm_vaults_gateway, nicolae_vaults_alarming,
          vaults_mumra_hexcomb, vaults_room_hallway,
          nicolae_vaults_little_squares_4, vaults_room_corners,
          vaults_room_semicircle, vaults_dpeg_ring, layout_vaults_chaotic_city,
          serial_shops, nicolae_diamond_shop
Vaults:3: v_misc_29, hangedman_vaults_restitches,
          nicolae_vaults_network_quincunx
          [nicolae_vaults_network_quincunx_subvault,
          nicolae_vaults_network_quincunx_subvault,
          nicolae_vaults_network_quincunx_subvault,
          nicolae_vaults_network_quincunx_subvault,
          nicolae_vaults_network_quincunx_subvault], v_misc_25, v_alt_pattern_4,
          ontoclasm_vaults_bender, v_misc_26, ontoclasm_vaults_fault,
          layout_vaults_omnigrid, uniq_xtahua, uniq_frederick

Skill      XL: |  1  2  3  4  5  6  7  8  9 10 11 12 13 14 15 16 17 18 19 20 21 22 |
---------------+-------------------------------------------------------------------+-----
Crossbows      | 6 7 8 10 | 10.0
Short Blades   | 1 2 4 8 |  8.0
Dodging        | 3 4 5 6 8 9 11 12 13 15 17 18 20 22 23 24 | 24.0
Fighting       | 3 4 5 7 8 10 11 12 14 16 17 18 20 21 22 | 22.2
Invocations    | 2 4 5 7 9 10 | 10.0
Spellcasting   | 3 5 6 |  6.5
Evocations     | 3 5 |  5.0
Hexes          | 3 6 8 9 |  9.0
Translocations | 4 6 8 10 | 10.8
Polearms       | 5 |  5.2
Shields        | 4 |  4.0
Long Blades    | 4 7 10 | 10.7
Stealth        | |  1.3

Action                   |  1- 3 |  4- 6 |  7- 9 | 10-12 | 13-15 | 16-18 | 19-21 | 22-24 || total
-------------------------+-------+-------+-------+-------+-------+-------+-------+-------++-------
Melee: Dagger            |    17 |       |       |       |       |       |       |       ||    17
       Hand crossbow     |       |       |       |     1 |       |     1 |     1 |       ||     3
       Pair of quick bla |       |       |       |       |       |   259 |       |       ||   259
       Trishula          |       |       |       |       |       |     5 |       |       ||     5
       Katana            |       |       |       |       |       |       |   377 |    23 ||   400
 Fire: Hand crossbow     |    46 |   186 |   257 |   516 |   956 |  1069 |   812 |     9 ||  3851
Throw: Dart              |       |       |       |     2 |     1 |       |       |       ||     3
 Cast: Portal Projectile |       |       |       |     4 |    34 |     6 |    15 |       ||    59
       Manifold Assault  |       |       |       |       |       |       |     1 |       ||     1
       Apportation       |       |       |       |       |       |       |     3 |       ||     3
Invok: Ancestor Life: Kn |       |       |     1 |       |       |       |       |       ||     1
       Recall Ancestor   |       |       |       |     4 |     6 |     3 |     2 |       ||    15
       Idealise          |       |       |       |       |     4 |       |     5 |     1 ||    10
Evoke: Phial of floods   |       |       |       |       |     2 |       |       |       ||     2
       Wand              |       |       |       |       |     1 |     1 |       |       ||     2
  Use: Potion            |     1 |       |       |     1 |     2 |       |       |       ||     4
       Scroll            |       |     4 |     3 |    14 |    11 |     7 |     3 |       ||    42
 Stab: Sleeping          |       |       |       |       |       |     2 |     2 |     1 ||     5
       Distracted        |       |       |       |       |       |     5 |    10 |       ||    15
Armor: Robe              |     2 |    11 |     8 |    19 |    62 |    25 |    19 |     3 ||   149
Dodge: Dodged            |    32 |   138 |    58 |   189 |   767 |   502 |   389 |    28 ||  2103
Block: Other             |       |       |       |       |    36 |    66 |     1 |       ||   103
       Reflection        |       |       |       |       |       |     6 |    49 |     8 ||    63
       Buckler           |       |       |       |       |       |       |   312 |    26 ||   338

Table legend: (Time is in decaauts)
 A = Elapsed time spent in this place.
 B = Non-inter-level travel time spent in this place.
 C = Inter-level travel time spent in this place.
 D = Time resting spent in this place.
 E = Time spent auto-exploring this place.
 F = Levels seen in this place.
 G = Mean time per level.
                   A        B        C        D        E       F      G
               +--------+--------+--------+--------+--------+-----+--------+
         Total |  42824 |  40364 |   2460 |   7241 |  23518 |  40 | 1070.6 |
       Dungeon |  14870 |  13576 |   1294 |   1042 |  10031 |  15 |  991.3 |
        Temple |     36 |     26 |     10 |      0 |     18 |   1 |   36.0 |
          Lair |   7394 |   6873 |    521 |    984 |   4301 |   6 | 1232.3 |
        Shoals |   4681 |   4443 |    238 |   1498 |   1635 |   4 | 1170.2 |
   Spider Nest |   5474 |   5268 |    206 |   1142 |   2956 |   4 | 1368.5 |
  Orcish Mines |   1869 |   1749 |    120 |    521 |    789 |   2 |  934.5 |
        Vaults |   5982 |   5913 |     69 |   1640 |   3149 |   3 | 1994.0 |
         Abyss |    517 |    517 |      0 |    172 |     14 |   1 |  517.0 |
        Bazaar |    242 |    242 |      0 |    120 |     22 |   1 |  242.0 |
         Sewer |    607 |    607 |      0 |      6 |    392 |   1 |  607.0 |
        Bailey |    640 |    640 |      0 |     35 |    205 |   1 |  640.0 |
      Gauntlet |    507 |    507 |      0 |     80 |      2 |   1 |  507.0 |
               +--------+--------+--------+--------+--------+-----+--------+

Top non-repeatable levels by time:
Vaults:1: 2248 daAuts
Vaults:2: 2176 daAuts
Spider:3: 2128 daAuts
  Lair:6: 2026 daAuts
    D:13: 1677 daAuts
Spider:4: 1624 daAuts
Vaults:3: 1557 daAuts
  Lair:5: 1397 daAuts
Shoals:3: 1376 daAuts
  Lair:3: 1366 daAuts
     D:9: 1349 daAuts
    D:12: 1323 daAuts
    D:14: 1268 daAuts
    D:11: 1244 daAuts
    D:15: 1217 daAuts
